 Dungeon Crawl Stone Soup version 0.17-a0-896-g249456b (webtiles) character file.

125 laxity the Firebug (level 4, -3/24 HPs)
             Began as a Deep Elf Fire Elementalist on May 1, 2015.
             Slain by an ogre
             ... wielding a +0 giant club
              (27 damage)
             ... on level 3 of the Dungeon.
             The game lasted 00:05:08 (2503 turns).

laxity the Firebug (Deep Elf Fire Elementalist)     Turns: 2503, Time: 00:05:08

Health: -3/24      AC:  3    Str:  5    XL:     4   Next: 82%
Magic:  6/12       EV: 13    Int: 21    God:
Gold:   92         SH:  0    Dex: 15    Spells: 4 memorised, 1 level left

rFire  . . .     SeeInvis .     (no weapon)
rCold  . . .     Clarity  .     a - +0 robe
rNeg   + . .     SustAb   .     (no shield)
rPois  .         Gourm    .     (no helmet)
rElec  .         Spirit   .     d - +0 cloak
rCorr  .         Warding  .     (no gloves)
rMut   .         Stasis   .     (no boots)
MR     .....                    (no amulet)
Stlth  ++........               (no ring)
                                l - ring of positive energy

@: very slightly contaminated, not resistant to hostile enchantments, unstealthy
A: no striking features
a: no special abilities


You were on level 3 of the Dungeon.
You were not hungry.

You visited 1 branch of the dungeon, and saw 3 of its levels.

You collected 92 gold pieces.

Inventory:

Armour
 a - a +0 robe (worn)
 d - a +0 cloak (worn)
Jewellery
 l - a ring of positive energy (left hand)
Magical devices
 w - a wand of frost (33)
 x - a wand of confusion (41)
Scrolls
 e - a scroll of fear {unknown}
 f - a scroll of immolation {unknown}
 g - 2 scrolls of remove curse {unknown}
 k - a scroll of enchant weapon {unknown}
 n - 2 scrolls of magic mapping {unknown}
 t - a scroll of identify {unknown}
 u - a scroll of noise {unknown}
Potions
 h - a potion of degeneration {unknown}
 i - 2 potions of might {unknown}
 j - a potion of lignification {unknown}
 o - a potion of flight {unknown}
 p - 3 potions of curing {unknown}
 s - a potion of brilliance {unknown}
Books
 b - a book of Flames

   Spells                             Type                      Level
   a - Flame Tongue                   Conjuration/Fire             1
   b - Throw Flame                    Conjuration/Fire             2
   c - Conjure Flame                  Conjuration/Fire             3
   d - Inner Flame                    Hexes/Fire                   3
   e - Sticky Flame                   Conjuration/Fire             4
   f - Fireball                       Conjuration/Fire             5
Comestibles
 c - 2 bread rations
 m - a meat ration
 q - 3 royal jellies
 r - a beef jerky
 v - a chunk of flesh


   Skills:
 - Level 2.4 Dodging
 - Level 2.4 Stealth
 + Level 4.1 Spellcasting
 + Level 3.2 Conjurations
 * Level 4.6 Fire Magic


You had one spell level left.
You knew the following spells:

 Your Spells              Type           Power        Failure   Level  Hunger
a - Flame Tongue          Conj/Fire      ###..        2%          1    None
b - Throw Flame           Conj/Fire      ###...       4%          2    #......
c - Conjure Flame         Conj/Fire      ###.....     10%         3    ###....
d - Sticky Flame          Conj/Fire      ###.....     28%         4    ####...


Dungeon Overview and Level Annotations

Branches:
Dungeon (3/15)

Altars:
Yredelemnul


Message History

Aim: an ogre, wielding a giant club (moderately wounded)
The flame tongue hits the ogre.
The ogre is severely wounded.
Casting: Flame Tongue
Confirm with . or Enter, or press ? or * to list all spells.
Aiming: Flame Tongue
Press: ? - help, Shift-Dir - straight line, f/p - ogre
Aim: an ogre, wielding a giant club (severely wounded)
The flame tongue hits the ogre.
The ogre is almost dead.
Casting: Flame Tongue
Confirm with . or Enter, or press ? or * to list all spells.
Aiming: Flame Tongue
Press: ? - help, Shift-Dir - straight line, f/p - ogre
Aim: an ogre, wielding a giant club (almost dead)
You miscast Flame Tongue.
You are very lightly contaminated with residual magic.
Nothing appears to happen.
The ogre hits you with a giant club!!
Ouch! That really hurt!
You die...

#.# #.# #.# #.#.# #.# #..# ###
#.###.###.###.#.# #.# #..#
#.##[#..#.##....###.# #..#
#.###.#.#.#.#.#.<...###..# #.#
###.#................# #.#
#.###.#.#>#####..#.# #.# #.#
##...## #..#.######
#.#####.#####.#######.÷#.......
#...†....÷....@O...............
#######.############...........
#.# #........##. #.########
#..#####.##. #........#####..#
#.##. ########........# #.##.
#######..# #.##. #..#####.##.
#[..........


You could see an ogre.

Vanquished Creatures
  5 adders
  A worm (D:2)
  4 giant geckos
  3 ball pythons
  7 giant cockroaches
  6 hobgoblins
  5 jackals
  4 quokkas
  9 bats
  4 giant newts
  11 goblins
  6 kobolds
  6 rats
71 creatures vanquished.

Notes
Turn   | Place    | Note
--------------------------------------------------------------
     0 | D:1      | laxity, the Deep Elf Fire Elementalist, began the quest for the Orb.
     0 | D:1      | Reached XP level 1. HP: 10/10 MP: 6/6
   241 | D:1      | Reached XP level 2. HP: 15/15 MP: 6/8
   245 | D:1      | Learned a level 2 spell: Throw Flame
   792 | D:1      | Reached XP level 3. HP: 17/19 MP: 8/10
  1084 | D:2      | Reached skill level 4 in Fire Magic
  1360 | D:2      | Reached XP level 4. HP: 21/24 MP: 6/11
  1738 | D:2      | Learned a level 3 spell: Conjure Flame
  1743 | D:2      | Learned a level 4 spell: Sticky Flame
  1846 | D:2      | Found a basalt altar of Yredelemnul.
  2497 | D:3      | Noticed an ogre
  2503 | D:3      | Slain by an ogre

Action                   |  1- 3 |  4- 6 || total
-------------------------+-------+-------++-------
Melee: Unarmed           |     2 |       ||     2
 Cast: Flame Tongue      |    78 |    48 ||   126
       Throw Flame       |       |     1 ||     1
  Eat: Chunk             |     1 |     4 ||     5
